 Dungeon Crawl Stone Soup version 0.24.0-123-gd5b16e6ec5 (webtiles) character file.

Game seed: 4493909107393234598, levelgen mode: deterministic

17291 Goreval the Slicer (level 12, -5/94 HPs)
             Began as a Merfolk Summoner on Dec 17, 2019.
             Was an Elder of Wu Jian.
             Slain by a minotaur
             ... wielding the +6 morningstar of Wealth {crush, rF+ Str+2 Int-5}
              (27 damage)
             ... in a Gauntlet.
             The game lasted 00:55:47 (19454 turns).

Goreval the Slicer (Merfolk Summoner)              Turns: 19454, Time: 00:55:48

Health: -5/94      AC: 12    Str: 14    XL:     12   Next: 46%
Magic:  2/18       EV: 20    Int: 18    God:    Wu Jian [****..]
Gold:   662        SH:  5    Dex: 15    Spells: 2/19 levels left

rFire    + . .     SeeInvis .   u - +6 rapier (vamp)
rCold    . . .     Gourm    .   M - +0 buckler
rNeg     . . .     Faith    .   I - +0 ring mail {rF+}
rPois    .         Spirit   .   S - +2 hat
rElec    .         Reflect  .   E - +2 cloak
rCorr    .         Harm     .   b - +0 pair of gloves
MR       .....     NoTele   +   N - +0 pair of boots
Stlth    +++.......             (no amulet)
HPRegen  0.25/turn              Q - +5 ring of slaying
MPRegen  0.16/turn              n - +6 ring of evasion

@: mighty, very slightly contaminated
A: change form in water, swift swim, stealthy swim
a: Wall Jump, Serpent's Lash, Renounce Religion


You were in a Gauntlet.
You worshipped Wu Jian.
Wu Jian was greatly pleased with you.
You were not hungry.

You visited 3 branches of the dungeon, and saw 16 of its levels.
You also visited: Gauntlet.

You collected 662 gold pieces.

Inventory:

Hand Weapons
 u - a +6 vampiric rapier (weapon)
 J - a +1 vampiric dagger
Missiles
 e - 4 atropa-tipped darts
 f - 317 stones (quivered)
 G - 3 throwing nets
Armour
 b - a +0 pair of gloves (worn)
 l - the +0 leather armour of Zin's Hope {rC+}
   (You found it on level 1 of the Lair of Beasts)

   It protects you from cold.
 r - a +1 shield of reflection
 E - a +2 cloak (worn)
 I - a +0 ring mail of fire resistance (worn)
 M - a +0 buckler (worn)
 N - a +0 pair of boots (worn)
 P - a scarf of cloud immunity
 S - a +2 hat (worn)
Jewellery
 j - an uncursed ring of protection from magic
 n - a +6 ring of evasion (right hand)
 s - an uncursed ring of ice
 Q - a +5 ring of slaying (left hand)
 U - the ring of Taivvagg {rPois rF+ rC+}
   (You found it in a Gauntlet)

   [ring of protection from fire]

   It protects you from fire.
   It protects you from cold.
   It protects you from poison.
Wands
 h - a wand of disintegration (4)
 k - a wand of polymorph (10)
 o - a wand of scattershot (10)
 t - a wand of random effects (49)
 C - a wand of clouds (6)
 R - a wand of enslavement (11)
Scrolls
 a - 2 scrolls of immolation
 d - 2 scrolls of amnesia
 i - 3 scrolls of fear
 m - 3 scrolls of magic mapping
 q - 6 scrolls of teleportation
 v - 4 scrolls of remove curse
 x - a scroll of acquirement {unknown}
 y - 2 scrolls of fog
 H - a scroll of enchant armour
Potions
 g - 6 potions of heal wounds
 p - a potion of mutation
 w - 5 potions of ambrosia
 z - 3 potions of lignification
 A - 6 potions of curing
 D - a potion of magic
 F - 4 potions of brilliance
 K - a potion of might
 L - 3 potions of agility
 O - a potion of berserk rage {unknown}
 T - a potion of degeneration {unknown}
Comestibles
 c - 18 rations
 B - 12 chunks of flesh


   Skills:
 + Level 8.6 Fighting
 * Level 12.1 Short Blades
 - Level 2.0 Armour
 - Level 6.3 Dodging
 + Level 8.2 Stealth
 - Level 4.0 Shields
 - Level 4.0 Spellcasting
 - Level 2.0 Hexes
 * Level 11.2 Summonings
 - Level 4.0 Ice Magic


You had 2 spell levels left.
You knew the following spells:

 Your Spells              Type           Power        Failure   Level  Hunger
a - Call Imp              Summ           #####...     1%          2    ##.....
b - Call Canine Familiar  Summ           #####...     1%          3    ###....
c - Summon Ice Beast      Ice/Summ       ####....     13%         4    ####...
d - Summon Guardian Gole  Hex/Summ       ####....     5%          3    ###....
o - Confusing Touch       Hex            ##....       12%         1    None
z - Summon Lightning Spi  Summ/Air       ###.....     28%         4    ####...

Your spell library contained the following spells:

 Spells                   Type           Power        Failure   Level  Hunger
 Summon Small Mammal      Summ           ####         1%          1    None
 Animate Skeleton         Necr           N/A          28%         1    None
 Apportation              Tloc           #.....       28%         1    None
 Beastly Appendage        Tmut           #.....       28%         1    None
 Sting                    Conj/Pois      #...         28%         1    None
 Poisonous Vapours        Pois/Air       #.....       41%         2    ##.....
 Sticks to Snakes         Tmut           #.......     41%         2    ##.....
 Mephitic Cloud           Conj/Pois/Air  #.......     65%         3    ###....
 Spider Form              Tmut/Pois      #.........   65%         3    ###....
 Ice Form                 Ice/Tmut       ##......     77%         4    ####...
 Olgreb's Toxic Radiance  Pois           #.......     96%         4    ####...
 Blade Hands              Tmut           #.........   100%        5    ######.
 Venom Bolt               Conj/Pois      #.........   100%        5    ######.


Dungeon Overview and Level Annotations

Branches:
Dungeon (11/15)            Temple (1/1) D:6            Lair (4/6) D:10
  Snake (0/4) Lair:2          Orc (0/2) D:10        Gauntlet (1/1)
  Swamp: Lair:2-4    Shoals: Lair:2-4

Altars:
Dithmenos
Elyvilon
Gozag
Nemelex Xobeh
Okawaru
Ru
Vehumet
Wu Jian
Xom
Yredelemnul
Zin

Shops:
D:5 (

Annotations:
D:5 3 runed translucent doors, Delamore's ghost, novice HOFi
Lair:3 exclusion: oklob plant Gauntlet 11 transporters


Message History

Your ice beast dies!
Your guardian golem is destroyed!
The javelin closely misses you.
You see here a javelin.
A chill wind blows around you.
The minotaur throws a javelin.
The javelin pierces through you!!!
* * * LOW HITPOINT WARNING * * *
Unknown command.
You feel much better.
The minotaur throws a javelin.
The javelin pierces through you!
* * * LOW HITPOINT WARNING * * *
Unknown command.
You swap places.
The minotaur throws a javelin.
The javelin closely misses you.
You see here 2 javelins.
You swap places.
You lunge at the minotaur, in a flurry of attacks.
You hit the minotaur but do no damage. x2; The minotaur appears confused.
You strike the helpless minotaur from behind!
You spit the minotaur like a pig!!!
The minotaur hits you with the +6 morningstar of Wealth {crush, rF+ Str+2 Int-5}!!
You die...

8#
#8##≈...............≈##8#
#8# ##
####8..©.Y.©.©.©.©..8####
### #≈...8...........≈#
#####.###.###.#####
###8###.###.#
#...Y........
#.###.###.##
#.###.###(###.#
#......H@Y(...#
#######'####### #.....#
###.### ... ≈∩≈ ≈≈≈≈≈
#####


You could see a minotaur (confused) and a friendly ice beast.

Vanquished Creatures
  A hydra (Lair:2)
  A hell hog (Gauntlet)
  Pikel (D:7)
  A wolf spider zombie (D:10)
  A moth of wrath (Gauntlet)
  Joseph (D:7)
  2 black mambas
  4 spiny frogs
  4 komodo dragons
  A troll (D:10)
  2 hornets (Gauntlet)
  A blink frog (Lair:1)
  A bog body (Lair:3)
  6 hippogriffs
  14 yaks
  2 wyverns
  2 basilisks
  2 fire bats (Gauntlet)
  A warg (D:10)
  A swamp worm (Lair:3)
  3 water moccasins
  3 porcupines
  3 hell hounds (Gauntlet)
  An orc warrior (D:9)
  A phantom (D:8)
  An ogre (D:8)
  5 wolves (Gauntlet)
  6 crocodiles
  A centaur (D:10)
  5 bullfrogs
  A wyvern skeleton (D:9)
  A scorpion (D:9)
  9 killer bees
  2 howler monkeys (D:10)
  A bullfrog zombie (D:8)
  A crimson imp (D:7)
  2 hounds
  4 bullfrog skeletons
  10 orc priests
  4 iguanas
  5 orc wizards
  3 hell rats (Lair:2)
  A killer bee zombie (D:9)
  A hound skeleton (D:6)
  A worker ant zombie (D:5)
  3 adders
  A shadow imp (D:8)
  An adder skeleton (D:7)
  A worm (D:3)
  2 leopard geckos
  15 orcs
  2 ball pythons
  7 giant cockroaches
  3 goblins
  A hobgoblin (D:2)
  3 jackals (D:6)
  3 kobolds
  2 quokkas (D:3)
  7 bats
  4 frilled lizards
  A quokka skeleton (D:8)
  3 rats
183 creatures vanquished.

Vanquished Creatures (collateral kills)
  Harold (D:7)
  A two-headed ogre (D:8)
  2 black mambas
  A hornet (Gauntlet)
  2 blink frogs (Lair:1)
  A hippogriff (Lair:1)
  6 yaks
  Duvessa (D:6)
  2 orc warriors (D:10)
  A slave (D:7)
  4 ice beasts
  3 ogres
  Dowan (D:6)
  A killer bee (D:10)
  2 howler monkeys
  2 crimson imps
  2 quasits
  A centaur zombie (D:6)
  3 hounds
  2 centaur skeletons
  4 orc priests
  2 hell rats (Lair:2)
  8 orc wizards
  8 worker ants
  2 hound skeletons (D:5)
  A howler monkey skeleton (D:11)
  5 adders
  2 shadow imps
  An ooze (D:5)
  2 worms (D:3)
  2 dart slugs
  4 leopard geckos
  20 orcs
  5 bats
  3 giant cockroaches
  4 goblins
  7 hobgoblins
  5 jackals
  A ball python (D:2)
  3 frilled lizards
  5 kobolds
  A leopard gecko skeleton (D:4)
  4 rats
138 creatures vanquished.

Vanquished Creatures (others)
  An ice beast (D:7)
  2 slaves (D:7)
  A killer bee (D:9)
  An orc wizard (D:7)
  A worker ant zombie (D:7)
  2 orcs (D:7)
  6 fungi (Gauntlet)
  18 plants (Gauntlet)
32 creatures vanquished.

Grand Total: 353 creatures vanquished

Notes
Turn   | Place    | Note
-------+----------+-------------------------------------------
     0 | D:1      | Goreval the Merfolk Summoner began the quest for the Orb.
     0 | D:1      | Reached XP level 1. HP: 13/13 MP: 3/3
   630 | D:1      | Reached XP level 2. HP: 9/19 MP: 0/5
   696 | D:1      | Learned a level 2 spell: Call Imp
  1627 | D:1      | Reached XP level 3. HP: 24/24 MP: 6/6
  1632 | D:1      | Learned a level 3 spell: Call Canine Familiar
  2124 | D:2      | Found a shadowy altar of Dithmenos.
  3116 | D:2      | Reached XP level 4. HP: 5/30 MP: 1/7
  3954 | D:3      | Reached skill level 5 in Summonings
  5262 | D:4      | Noticed an ogre
  5274 | D:4      | Killed an ogre
  5274 | D:4      | Reached XP level 5. HP: 3/35 MP: 2/9
  6156 | D:4      | Noticed an ice beast
  6193 | D:4      | Reached XP level 6. HP: 12/42 MP: 1/10
  6626 | D:4      | Killed an ice beast
  6626 | D:4      | Reached skill level 1 in Fighting
  6822 | D:5      | Entered Level 5 of the Dungeon
  6975 | D:5      | Found a runed translucent gate.
  7036 | D:5      | Found Decosm's Weapon Shoppe.
  7534 | D:5      | Found a runed translucent gate.
  7534 | D:5      | Found a runed translucent gate.
  7539 | D:5      | Noticed Delamore's ghost (novice HOFi)
  7569 | D:5      | Noticed an ice beast
  7577 | D:5      | HP: 1/43 [ice beast (10)]
  7691 | D:4      | Learned a level 4 spell: Summon Lightning Spire
  7920 | D:5      | Reached skill level 5 in Dodging
  8418 | D:5      | Reached XP level 7. HP: 30/48 MP: 5/12
  9816 | D:6      | Learned a level 4 spell: Summon Ice Beast
  9841 | D:6      | Noticed Duvessa
  9843 | D:6      | Noticed Dowan
  9857 | D:6      | Killed Duvessa
  9857 | D:6      | Killed Dowan
  9933 | D:6      | Found a sacrificial altar of Ru.
 10132 | D:6      | Reached skill level 1 in Ice Magic
 10186 | D:6      | Found a staircase to the Ecumenical Temple.
 10205 | D:6      | You fall into a shaft and drop 2 floors!
 10465 | D:7      | Noticed Joseph
 10499 | D:7      | Noticed Harold
 10557 | Temple   | Entered the Ecumenical Temple
 10622 | Temple   | Became a worshipper of the Wu Jian Council
 10871 | D:6      | Reached XP level 8. HP: 55/57 MP: 14/14
 11136 | D:7      | Noticed Pikel
 11234 | D:7      | Killed Pikel
 11234 | D:7      | Reached skill level 3 in Short Blades
 11515 | D:7      | Killed Joseph
 11515 | D:7      | Reached skill level 5 in Short Blades
 11537 | D:7      | Reached XP level 9. HP: 66/66 MP: 11/15
 11556 | D:7      | Killed Harold
 11556 | D:7      | Reached skill level 5 in Fighting
 11556 | D:7      | Reached skill level 6 in Short Blades
 11924 | D:7      | Reached * piety under Wu Jian
 12430 | D:8      | Noticed a two-headed ogre
 12438 | D:8      | Killed a two-headed ogre
 12438 | D:8      | Reached skill level 7 in Short Blades
 12670 | D:8      | Reached XP level 10. HP: 61/76 MP: 11/16
 12763 | D:8      | Reached skill level 8 in Short Blades
 12925 | D:8      | You fall into a shaft and drop 1 floor!
 12932 | D:9      | Found an iron altar of Okawaru.
 12932 | D:9      | Found a shadowy altar of Dithmenos.
 12935 | D:9      | Learned a level 1 spell: Confusing Touch
 13007 | D:9      | Found a basalt altar of Yredelemnul.
 13685 | D:9      | Reached skill level 5 in Stealth
 13688 | D:9      | Reached skill level 1 in Shields
 13796 | D:9      | Found a glowing silver altar of Zin.
 13796 | D:9      | Found a white marble altar of Elyvilon.
 13801 | D:9      | Found a shimmering altar of Xom.
 13909 | D:9      | Reached ** piety under Wu Jian
 14293 | D:10     | Entered Level 10 of the Dungeon
 14637 | D:10     | Learned a level 3 spell: Summon Guardian Golem
 14680 | D:10     | Reached skill level 9 in Short Blades
 14692 | D:10     | Reached skill level 1 in Hexes
 14820 | D:10     | Found a staircase to the Orcish Mines.
 15330 | D:10     | Found a staircase to the Lair.
 15683 | D:11     | Reached XP level 11. HP: 83/83 MP: 10/17
 15758 | D:11     | Noticed a cyan ugly thing
 15790 | Lair:1   | Entered Level 1 of the Lair of Beasts
 16034 | Lair:1   | Reached *** piety under Wu Jian
 16098 | Lair:1   | Reached skill level 10 in Short Blades
 16111 | Lair:1   | Reached skill level 10 in Summonings
 16401 | Lair:1   | Reached skill level 1 in Armour
 16722 | Lair:1   | Got a fine leather armour
 17076 | Lair:2   | Found a staircase to the Snake Pit.
 17372 | Lair:2   | Noticed a five-headed hydra
 17384 | Lair:2   | Killed a five-headed hydra
 17384 | Lair:2   | Reached skill level 11 in Short Blades
 17495 | Lair:2   | Identified the cursed +0 leather armour of Zin's Hope {rC+}
                  | (You found it on level 1 of the Lair of Beasts)
 17703 | Lair:2   | Reached **** piety under Wu Jian
 18063 | Lair:2   | You fall into a shaft and drop 2 floors!
 18064 | Lair:4   | Reached XP level 12. HP: 92/92 MP: 18/18
 18657 | Lair:3   | Found a gate leading to a gauntlet.
 18677 | Gauntlet | Entered a Gauntlet
 18677 | Gauntlet | Found a transporter.
 18689 | Gauntlet | Found a transporter.
 18689 | Gauntlet | Found a transporter.
 18691 | Gauntlet | Found a transporter.
 18700 | Gauntlet | Found a transporter.
 18715 | Gauntlet | Found a transporter.
 18720 | Gauntlet | Found a transporter.
 18735 | Gauntlet | Found a transporter.
 18746 | Gauntlet | Noticed a thrashing horror
 18754 | Gauntlet | Found a transporter.
 18754 | Gauntlet | Noticed a hell beast
 18765 | Gauntlet | Noticed a hell hog
 18766 | Gauntlet | Found a transporter.
 18776 | Gauntlet | Noticed a wretched star
 18778 | Gauntlet | Found a transporter.
 18786 | Gauntlet | Noticed a death yak
 18787 | Gauntlet | Noticed a death yak
 18788 | Gauntlet | Noticed a death yak
 18788 | Gauntlet | Noticed a death yak
 18790 | Gauntlet | Found a transporter.
 18802 | Gauntlet | Found a transporter.
 18925 | Gauntlet | Found a transporter.
 18943 | Gauntlet | Found a transporter.
 18959 | Gauntlet | Found a transporter.
 19006 | Gauntlet | Found a transporter.
 19214 | Gauntlet | Reached skill level 12 in Short Blades
 19385 | Gauntlet | Killed a hell hog
 19416 | Gauntlet | Got a translucent pewter ring
 19418 | Gauntlet | Identified the ring of Taivvagg {rPois rF+ rC+} (You found
                  | it in a Gauntlet)
 19440 | Gauntlet | Identified the +6 morningstar of Wealth {crush, rF+ Str+2
                  | Int-5}
 19440 | Gauntlet | Noticed a minotaur
 19454 | Gauntlet | Slain by a minotaur

Levels and vault maps discovered:
D:1:      scummos_arrival_gate, layout_loops_corners, minmay_pentomino_p4
D:2:      layout_basic, first_ration, grunt_dithmenos_smoke
D:3:      layout_basic
D:4:      layout_loops_corners, chequers_avenue
D:5:      layout_basic, gammafunk_ghost_necromancy, serial_shops,
          kennysheep_mini, corexii_hall_statues_x, kennysheep_generic_room_8
D:6:      layout_basic, kennysheep_mini_moat, minmay_temple_entry_sparse_star,
          grunt_decor_one_mirror, kennysheep_big_empty_room, uniq_duvessa
D:7:      layout_loops_ring, uniq_joseph, uniq_pikel, uniq_harold
D:8:      layout_basic, nicolae_tso_swordbearing_angel,
          hangedman_little_slice_of_home, minmay_diced_spiral
D:9:      layout_basic, grunt_temple_overflow_open, yredelemnul_altar_generic
D:10:     layout_gridville, lair_entry_dummy, erik_orc_4
D:11:     layout_roguey, minmay_the_grid_2x2 [minmay_the_grid_box_x,
          minmay_the_grid_small_cups, minmay_the_grid_zigzag_pyramid,
          minmay_the_grid_prize_inner_circle]
Temple:   regret_index_temple_waves
Lair:1:   layout_small_grid
Lair:2:   layout_chaotic_city, guppyfry_snake_entry_island,
          hangedman_lair_generics_rect
Lair:3:   layout_hall_layers, nicolae_swamp_entry_splash_gauntlet,
          gauntlet_entry_generic, hangedman_lair_unloving_vines,
          minmay_lair_oklob_bushes
Lair:4:   layout_roguey, grunt_megastairs_5
Gauntlet: gammafunk_gauntlet_one_two_three [gammafunk_gauntlet_arena_teeth,
          gammafunk_gauntlet_arena_mazey, gammafunk_gauntlet_arena_hedges,
          gammafunk_gauntlet_arena_split_diamond, nicolae_gauntlet_arena_x,
          gammafunk_gauntlet_arena_crates, gammafunk_gauntlet_arena_corners,
          nicolae_gauntlet_arena_quarters, nicolae_gauntlet_arena_flowing_pool,
          gauntlet_exit_watery]

Skill      XL: |  1  2  3  4  5  6  7  8  9 10 11 12 |
---------------+-------------------------------------+-----
Dodging        | 3 4 5 6 |  6.3
Summonings     | 5 6 7 8 9 10 11 | 11.2
Spellcasting   | 3 4 |  4.0
Fighting       | 1 2 4 5 6 8 |  8.6
Ice Magic      | 1 3 4 |  4.0
Short Blades   | 5 7 9 11 12 | 12.1
Stealth        | 4 5 7 8 |  8.2
Shields        | 3 4 |  4.0
Hexes          | 1 2 |  2.0
Armour         | 2 |  2.0

Action                   |  1- 3 |  4- 6 |  7- 9 | 10-12 || total
-------------------------+-------+-------+-------+-------++-------
Melee: Unarmed           |    45 |       |       |       ||    45
       Dagger            |   119 |   253 |   137 |       ||   509
       Rapier            |       |       |   185 |   643 ||   828
       Tailslap          |       |       |       |     1 ||     1
Throw: Dart              |     3 |       |       |       ||     3
       Stone             |    15 |     1 |       |     5 ||    21
 Cast: Summon Small Mamm |    32 |       |       |       ||    32
       Call Imp          |    15 |    43 |    62 |    20 ||   140
       Call Canine Famil |     2 |    24 |    24 |    33 ||    83
       Summon Ice Beast  |       |       |     1 |    39 ||    40
       Summon Guardian G |       |       |       |     2 ||     2
       Confusing Touch   |       |       |       |     1 ||     1
Invok: Lunge             |       |       |    47 |    81 ||   128
       Whirlwind         |       |       |     4 |   102 ||   106
       Wall Jump         |       |       |       |     5 ||     5
  Use: Scroll            |       |       |    11 |    14 ||    25
       Potion            |       |       |       |     5 ||     5
 Stab: Sleeping          |     3 |     4 |     1 |    10 ||    18
       Distracted        |       |     4 |     5 |     6 ||    15
       Confused          |       |       |       |     1 ||     1
  Eat: Chunk             |     9 |    14 |    12 |    28 ||    63
       Ration            |       |     2 |     2 |     2 ||     6
Armor: Leather armour    |    71 |    38 |    16 |    12 ||   137
       Ring mail         |       |       |    66 |    98 ||   164
Dodge: Dodged            |   199 |   181 |   280 |   427 ||  1087
Block: Buckler           |       |       |       |    45 ||    45
